 Dungeon Crawl Stone Soup version 0.25-a0-294-gea9b1ad378 (webtiles) character file.

Game seed: 603220281440870931, levelgen mode: deterministic

4414 MoonlitKnight the Spear-Bearer (level 10, -11/82 HPs)
             Began as a Merfolk Skald on Dec 18, 2019.
             Was an Elder of Okawaru.
             Mangled by a death yak (16 damage)
             ... on level 8 of the Dungeon.
             The game lasted 00:23:00 (9787 turns).

MoonlitKnight the Spear-Bearer (Merfolk Skald)      Turns: 9787, Time: 00:23:01

Health: -11/82     AC: 12    Str: 13    XL:     10   Next: 36%
Magic:  9/13       EV: 16    Int: 13    God:    Okawaru [****..]
Gold:   476        SH:  0    Dex: 15    Spells: 2/13 levels left

rFire    . . .     SeeInvis .   O - +0 glaive
rCold    . . .     Gourm    .   (shield currently unavailable)
rNeg     . . .     Faith    .   g - +2 ring mail {MR+}
rPois    .         Spirit   .   h - +0 helmet
rElec    .         Reflect  .   t - +1 cloak
rCorr    .         Harm     .   u - +0 pair of gloves
MR       ++...                  q - +0 pair of boots
Stlth    +.........             (no amulet)
HPRegen  0.23/turn              (no ring)
MPRegen  0.13/turn              C - ring of protection from magic

@: no status effects
A: change form in water, swift swim, stealthy swim
a: Heroism, Renounce Religion


You were on level 8 of the Dungeon.
You worshipped Okawaru.
Okawaru was greatly pleased with you.
You were not hungry.

You visited 1 branch of the dungeon, and saw 9 of its levels.
You also visited: Ossuary.

You collected 476 gold pieces.

Inventory:

Hand Weapons
 b - a +0 hunting sling
 O - a +0 glaive (weapon)
Missiles
 o - 95 sling bullets
 p - 4 javelins
 G - 25 poisoned darts (quivered)
Armour
 g - a +2 ring mail of magic resistance (worn)
 h - a +0 helmet (worn)
 q - a +0 pair of boots (worn)
 t - a +1 cloak (worn)
 u - a +0 pair of gloves (worn)
 z - a +2 ring mail of fire resistance
Jewellery
 y - an uncursed ring of ice
 C - a ring of protection from magic (right hand)
 P - a +4 amulet of reflection {unknown}
Wands
 D - a wand of enslavement (11)
 F - a wand of clouds (2)
Scrolls
 c - 6 scrolls of identify
 e - 6 scrolls of remove curse
 i - 2 scrolls of enchant weapon {unknown}
 l - 3 scrolls of immolation {unknown}
 n - 2 scrolls of blinking {unknown}
 x - a scroll of torment {unknown}
 I - 2 scrolls of random uselessness {unknown}
 J - 2 scrolls of fog {unknown}
 M - a scroll of amnesia {unknown}
 N - 3 scrolls of noise {unknown}
Potions
 k - a potion of brilliance
 m - 2 potions of invisibility
 s - 3 potions of haste
 v - a potion of lignification {unknown}
 w - 2 potions of degeneration {unknown}
 A - a potion of resistance {unknown}
 B - 3 potions of curing {unknown}
 E - a potion of might {unknown}
 H - a potion of cancellation {unknown}
 K - a potion of mutation {unknown}
Comestibles
 d - 14 rations


   Skills:
 + Level 8.4 Fighting
 + Level 12.4 Polearms
 - Level 0.6 Armour
 + Level 9.9 Dodging
 - Level 2.0 Spellcasting
 + Level 3.8 Hexes
 + Level 5.5 Charms


You had 2 spell levels left.
You knew the following spells:

 Your Spells              Type           Power        Failure   Level  Hunger
a - Infusion              Chrm           ###.         5%          1    ##.....
b - Shroud of Golubria    Chrm/Tloc      #.....       26%         2    ###....
c - Spectral Weapon       Hex/Chrm       ##......     24%         3    ####...
d - Regeneration          Chrm/Necr      #.........   45%         3    ####...
e - Song of Slaying       Chrm           ###.....     9%          2    ###....

Your spell library contained the following spells:

 Spells                   Type           Power        Failure   Level  Hunger
 Confusing Touch          Hex            ##....       11%         1    ##.....
 Animate Skeleton         Necr           N/A          47%         1    ##.....
 Apportation              Tloc           #.....       47%         1    ##.....
 Summon Small Mammal      Summ           #...         47%         1    ##.....
 Confuse                  Hex            ##......     32%         3    ####...
 Gell's Gravitas          Tloc           #.........   85%         3    ####...
 Petrify                  Tmut/Erth      #.......     99%         4    #####..
 Metabolic Englaciation   Hex/Ice        #.........   100%        5    ######.
 Yara's Violent Unravell  Hex/Tmut       #.........   100%        5    ######.


Dungeon Overview and Level Annotations

Branches:
Dungeon (9/15)             Temple (0/1) D:5         Ossuary (visited)
   Lair: D:8-11         Orc: D:9-12

Altars:
Cheibriados
Dithmenos
Elyvilon
Hepliaklqana
Okawaru
Ru
Xom
Yredelemnul
The Shining One

Shops:
D:4 }?

Annotations:
D:6 2 runed translucent doors, RussianWR's ghost, novice TrMo
D:8 Maurice
D:9 Joseph


Message History

You slash the death yak!
The death yak is moderately wounded.
Your spectral weapon hits the death yak from afar.
The death yak gores you!
You hit the death yak but do no damage.
The death yak is heavily wounded.
Your spectral weapon barely misses the death yak.
The death yak gores you!
You barely miss the death yak.
The death yak is heavily wounded.
Your spectral weapon hits the death yak from afar!
The death yak gores you!!
* * * LOW HITPOINT WARNING * * *
You hear a bellow! x2
You swap places.
The death yak gores your spectral weapon!
Your spectral weapon shares its damage with you!
* * * LOW HITPOINT WARNING * * *
You swap places.
The death yak gores you!
You die...

###.#.##.....#.#....# #
.<..#.###.####.#....# #
#####.....#...Y.....# #
#######.##..##### # #.##..# #
#.##..# # #.##.<# #.##.######
#.##.Y@((.# #.#######.# #####
#.......#.#####.#^#
#######.#...##^^^^# #.#.#..'^.^_#
#################.#.####^^^.#
#...................#####.#.#####
#.###############.....# ######...
#.#####.......#.......###########


You could see a death yak and a friendly spectral +0 glaive.

Vanquished Creatures
  An unseen horror (D:7)
  A hornet (D:7)
  A troll (D:5)
  Prince Ribbit (D:7)
  A hippogriff (D:8)
  Menkaure (D:5)
  A water moccasin (D:9)
  A sky beast (D:7)
  2 orc warriors
  A black bear (D:5)
  An ice beast (D:7)
  A phantom (D:6)
  4 centaurs
  An elf zombie (Ossuary)
  6 bullfrogs
  2 scorpions
  2 howler monkeys
  7 crimson imps
  3 centaur zombies (Ossuary)
  2 hounds
  3 jellies
  5 orc priests
  A human zombie (Ossuary)
  3 iguanas
  4 orc wizards
  6 worker ants
  A big kobold zombie (Ossuary)
  A hound zombie (Ossuary)
  A hound skeleton (D:8)
  3 mummies (Ossuary)
  A howler monkey skeleton (D:7)
  6 adders
  4 gnolls
  A shadow imp (D:8)
  4 oozes
  4 adder zombies (Ossuary)
  2 adder skeletons
  3 worms
  4 dart slugs
  6 leopard geckos
  28 orcs
  8 bats
  10 giant cockroaches
  3 goblins
  3 hobgoblins
  8 jackals
  5 quokkas
  3 ball pythons
  9 frilled lizards
  5 goblin zombies
  3 hobgoblin zombies (Ossuary)
  5 jackal zombies
  14 kobolds
  4 kobold zombies (Ossuary)
  A leopard gecko skeleton (D:6)
  4 quokka zombies (Ossuary)
  6 rats
  8 rat zombies (Ossuary)
  A spectral orc (D:8)
231 creatures vanquished.

Vanquished Creatures (others)
  An orc wizard (D:3)
  A spectral weapon (D:5)
2 creatures vanquished.

Grand Total: 233 creatures vanquished

Notes
Turn   | Place    | Note
-------+----------+-------------------------------------------
     0 | D:1      | MoonlitKnight the Merfolk Skald began the quest for the
                  | Orb.
     0 | D:1      | Reached XP level 1. HP: 16/16 MP: 3/3
   243 | D:1      | Reached XP level 2. HP: 15/23 MP: 5/5
   380 | D:1      | Reached skill level 4 in Polearms
   651 | D:1      | Reached XP level 3. HP: 28/28 MP: 6/6
   860 | D:1      | Learned a level 2 spell: Shroud of Golubria
   864 | D:1      | Learned a level 3 spell: Spectral Weapon
  1487 | D:2      | Found an iron altar of Okawaru.
  1587 | D:2      | Reached XP level 4. HP: 34/34 MP: 7/7
  1976 | D:3      | Reached skill level 5 in Polearms
  2184 | D:3      | Reached XP level 5. HP: 41/41 MP: 8/8
  2277 | D:3      | Reached skill level 6 in Polearms
  2546 | D:3      | Reached XP level 6. HP: 48/48 MP: 9/9
  3099 | D:4      | Found Eryuqeekk's Gadget Shoppe.
  3321 | D:4      | Reached skill level 7 in Polearms
  3325 | D:4      | Reached skill level 5 in Dodging
  3553 | D:4      | Found Vawaum's Magic Scroll Boutique.
  3564 | D:4      | Reached XP level 7. HP: 51/55 MP: 10/10
  3820 | D:5      | Entered Level 5 of the Dungeon
  3851 | D:5      | Found a white marble altar of Elyvilon.
  3942 | D:2      | Became a worshipper of Warmaster Okawaru
  4031 | D:5      | Reached skill level 8 in Polearms
  4060 | D:5      | Found a staircase to the Ecumenical Temple.
  4468 | D:5      | Noticed a troll
  4482 | D:5      | Reached skill level 5 in Fighting
  4489 | D:5      | Killed a troll
  4489 | D:5      | Reached * piety under Okawaru
  4489 | D:5      | Reached skill level 9 in Polearms
  4489 | D:5      | Reached XP level 8. HP: 15/62 MP: 6/11
  4523 | D:5      | Learned a level 3 spell: Regeneration
  4526 | D:5      | Learned a level 2 spell: Song of Slaying
  4882 | D:5      | Noticed Menkaure
  4901 | D:5      | Killed Menkaure
  4906 | D:5      | Reached skill level 10 in Polearms
  5506 | D:6      | Found a shimmering altar of Xom.
  5506 | D:6      | Found a large runed translucent door.
  5506 | D:6      | Found a large runed translucent door.
  5543 | D:6      | Reached ** piety under Okawaru
  5544 | D:6      | Reached skill level 11 in Polearms
  5717 | D:6      | Noticed RussianWR's ghost (novice TrMo)
  5973 | D:6      | Reached XP level 9. HP: 29/71 MP: 1/12
  6550 | D:6      | Found a sacrificial altar of Ru.
  6552 | D:6      | Found a snail-covered altar of Cheibriados.
  6554 | D:6      | Found a glowing golden altar of the Shining One.
  6633 | D:7      | Noticed Prince Ribbit
  6645 | D:7      | Killed Prince Ribbit
  6731 | D:7      | Reached skill level 12 in Polearms
  6853 | D:7      | Found a hazy altar of Hepliaklqana.
  6918 | D:7      | Found a sand-covered staircase.
  6930 | Ossuary  | Entered an ossuary
  7013 | Ossuary  | Reached *** piety under Okawaru
  7255 | Ossuary  | Reached skill level 1 in Hexes
  7312 | D:7      | Killed an unseen horror
  7543 | D:7      | Noticed a hornet
  7549 | D:7      | Reached **** piety under Okawaru
  7558 | D:7      | Paralysed by a hornet for 1 turns
  7561 | D:7      | Killed a hornet
  7561 | D:7      | Reached XP level 10. HP: 47/80 MP: 10/13
  7597 | D:7      | Reached skill level 5 in Charms
  8578 | D:8      | Found a basalt altar of Yredelemnul.
  8822 | D:9      | Found a shadowy altar of Dithmenos.
  8862 | D:9      | Noticed Maurice
  8872 | D:9      | Noticed a death yak
  8872 | D:9      | Noticed a death yak
  8872 | D:9      | Noticed a death yak
  8874 | D:9      | Noticed Joseph
  9787 | D:8      | Mangled by a death yak

Levels and vault maps discovered:
D:1:      ncdulo_lavacross, layout_basic
D:2:      layout_basic, okawaru_ov_weapons_minmay, first_ration, minmay_3d_cube
D:3:      layout_loops_ring, gup_sewer_entry_spiral, minmay_misc_feat_square,
          minmay_ruptured
D:4:      layout_loops_ring, serial_shops, nicolae_shop_statue_plus, shop
D:5:      layout_cave_pods, nicolae_overflow_crystal_walls, temple_pool_b,
          uniq_crazy_yiuf_cottage, uniq_menkaure
D:6:      layout_basic, minitemple, ebering_ghost_disaster_area,
          corexii_corridor_pit, corexii_leaking_fountain, minmay_ruined_shrine
D:7:      layout_basic, basic_altar, enter_ossuary_4, uniq_prince_ribbit1
D:8:      layout_basic, yredelemnul_forgotten_temple_becter
D:9:      layout_big_octagon, dpeg_lair_monsters, basic_altar,
          hangedman_abyss_or_decor_jellyfish_corner, hangedman_ranch
          [blue_anna_fruit_fields], trog_book, uniq_joseph, uniq_erica,
          uniq_maurice

Skill      XL: |  1  2  3  4  5  6  7  8  9 10 |
---------------+-------------------------------+-----
Dodging        | 3 4 5 6 7 9 |  9.9
Polearms       | 4 5 6 7 9 11 12 | 12.4
Fighting       | 3 4 5 6 8 |  8.4
Hexes          | 2 3 |  3.8
Charms         | 4 5 |  5.5
Armour         | |  0.6
Spellcasting   | |  2.0

Action                   |  1- 3 |  4- 6 |  7- 9 | 10-12 || total
-------------------------+-------+-------+-------+-------++-------
Melee: Spear             |   105 |   223 |   503 |   226 ||  1057
       Tailslap          |       |     4 |       |       ||     4
       Glaive            |       |       |       |     7 ||     7
 Fire: Hunting sling     |       |     4 |       |     2 ||     6
 Cast: Spectral Weapon   |     1 |     2 |     8 |     5 ||    16
       Regeneration      |       |       |     1 |     1 ||     2
       Shroud of Golubri |       |       |       |     3 ||     3
       Infusion          |       |       |       |     1 ||     1
  Use: Scroll            |       |       |     5 |     2 ||     7
       Potion            |       |       |     1 |     3 ||     4
  Eat: Chunk             |     2 |     7 |     8 |     5 ||    22
       Ration            |       |       |     2 |     2 ||     4
Armor: Leather armour    |     6 |       |       |       ||     6
       Ring mail         |    23 |    65 |   105 |    42 ||   235
Dodge: Dodged            |    41 |   120 |   178 |   124 ||   463

Table legend:
 A = Non-vault XP
 B = Vault XP
 C = Vault XP percentage of total XP
 D = Non-vault monster count
 E = Vault monster count
 F = Vault count percentage of total count
                 A         B        C        D         E       F
            +---------+---------+-------+---------+---------+-------
      Total |    5024 |    1282 |  20.3 |     169 |      63 |  27.2
            +---------+---------+-------+---------+---------+-------
        D:1 |      46 |       0 |   0.0 |      17 |       0 |   0.0
        D:2 |      29 |      19 |  39.6 |      15 |       3 |  16.7
        D:3 |     238 |      23 |   8.8 |      39 |       8 |  17.0
        D:4 |     274 |       0 |   0.0 |      19 |       0 |   0.0
        D:5 |     879 |     165 |  15.8 |      17 |       1 |   5.6
        D:6 |     447 |     382 |  46.1 |      15 |       7 |  31.8
        D:7 |    1815 |     270 |  12.9 |      17 |       3 |  15.0
        D:8 |    1110 |       1 |   0.1 |      27 |       1 |   3.6
        D:9 |     186 |       0 |   0.0 |       3 |       0 |   0.0
    Ossuary |       0 |     422 | 100.0 |       0 |      40 | 100.0
            +---------+---------+-------+---------+---------+-------
